 Dungeon Crawl Stone Soup version 0.30-a0-711-gf4ac18a38d (webtiles) character file.

Game seed: 4990504999928576987

12429 freelancePsychic the Zephyrmancer (level 11, -19/101 HPs)
             Began as a Green Draconian Air Elementalist on Jan 23, 2023.
             Was a Priest of Vehumet.
             Demolished by a dire elephant simulacrum (44 damage)
             ... in an ice cave.
             The game lasted 00:23:40 (12210 turns).

freelancePsychic the Zephyrmancer (DrAE)           Turns: 12210, Time: 00:23:41

Health: -19/101    AC: 10    Str: 10    XL:     11   Next: 62%
Magic:  17/17      EV: 14    Int: 21    God:    Vehumet [***...]
Gold:   556        SH:  0    Dex: 11    Spells: 5/18 levels left

rFire   . . .      SeeInvis .    q - +4 trident of Vanity {spect, rElec rCorr}
rCold   . . .      Faith    .    y - orb {light}
rNeg    . . .      Spirit   .    (body armour unavailable)
rPois   +          Reflect  .    (helmet restricted)
rElec   +          Harm     .    e - +2 cloak
rCorr   +          Rampage  .    (no gloves)
Will    +....                    (no boots)
Stlth   +                        (no amulet)
HPRegen 0.36/turn                j - ring of willpower
MPRegen 0.15/turn                (no ring)

@: short of breath, glowing
A: breathe noxious fumes, AC +7, unfitting armour, poison resistance,
cold-blooded
a: Breathe Noxious Fumes, Renounce Religion


You were in an ice cave.
You worshipped Vehumet.
Vehumet was most pleased with you.
You visited 3 branches of the dungeon, and saw 13 of its levels.
You also visited: Ice Cave.

You collected 745 gold pieces.
You spent 189 gold pieces at shops.

Inventory:

Hand Weapons
 q - the +4 trident of Vanity (weapon) {spect, rElec rCorr}
   (You found it on level 7 of the Dungeon)

   rElec:     It insulates you from electricity.
   rCorr:     It protects you from acid and corrosion.
Armour
 e - a +2 cloak (worn)
 y - an orb of light (worn)
Jewellery
 j - a ring of willpower (left hand)
 k - a ring of fire
Wands
 o - a wand of digging (6)
 u - a wand of flame (17)
 B - a wand of acid (1)
Scrolls
 c - a scroll of noise
 f - 5 scrolls of fog
 h - a scroll of poison
 l - a scroll of magic mapping
 s - 2 scrolls of vulnerability
 t - 2 scrolls of enchant weapon
 v - a scroll of teleportation {@r4}
 w - 3 scrolls of torment
 A - a scroll of brand weapon
Potions
 a - a potion of brilliance
 b - a potion of attraction {unknown}
 g - 3 potions of lignification
 i - 2 potions of resistance {unknown}
 m - a potion of heal wounds {unknown}
 n - a potion of berserk rage {unknown}
 p - a potion of haste {unknown}
 x - a potion of flight {unknown}
 z - a potion of might {unknown}


   Skills:
 + Level 10.9 Fighting
 - Level 6.4 Dodging
 - Level 3.0 Stealth
 + Level 4.1 Spellcasting
 - Level 6.5 Conjurations
 - Level 4.0 Summonings
 + Level 11.0 Air Magic
 - Level 4.2 Poison Magic


You had 5 spell levels left.
You knew the following spells:

 Your Spells              Type           Power      Damage    Failure   Level
a - Mephitic Cloud        Conj/Pois/Air  34%        N/A       1%          3
b - Static Discharge      Conj/Air       82%        2-6/arc   1%          2
c - Ignite Poison         Fire/Tmut/Pois 10%        N/A       5%          3
d - Airstrike             Air            25%        2d(4-20)  1%          4
e - Shock                 Conj/Air       100%       1d9       1%          1

Your spell library contained the following spells:

 Spells                   Type           Power      Damage    Failure   Level
 Kiss of Death            Conj/Necr      72%        2d10      1%          1
 Magic Dart               Conj           100%       1d8       1%          1
 Swiftness                Air            50%        N/A       1%          3
 Summon Small Mammal      Summ           84%        N/A       2%          1
 Hailstorm                Conj/Ice       18%        3d6       2%          3
 Stone Arrow              Conj/Erth      36%        3d9       2%          3
 Arcjolt                  Conj/Air       20%        1d30      2%          5
 Lightning Bolt           Conj/Air       20%        1d35      2%          5
 Call Imp                 Summ           21%        N/A       3%          2
 Vhi's Electric Charge    Tloc/Air       54%        N/A       3%          3
 Summon Lightning Spire   Summ/Air       36%        N/A       5%          4
 Call Canine Familiar     Summ           21%        N/A       7%          3
 Summon Guardian Golem    Hex/Summ       12%        N/A       16%         3
 Confusing Touch          Hex            4%         N/A       34%         3
 Dispel Undead            Necr           4%         3d7       75%         4
 Ice Form                 Ice/Tmut       4%         N/A       75%         4
 Maxwell's Capacitive Co  Air            25%        ∞         87%         8
 Simulacrum               Ice/Necr       2%         N/A       100%        6
 Storm Form               Tmut/Air       13%        N/A       100%        7
 Lehudib's Crystal Spear  Conj/Erth      9%         10d4      100%        8
 Animate Armour           Summ/Erth      Unusable   N/A       N/A         4

Dungeon Overview and Level Annotations

Branches:
Dungeon (11/15)            Temple (1/1) D:5            Lair (1/5) D:11
  IceCv (1/1)
    Orc: D:9-12

Altars:
Ashenzari
Cheibriados
Dithmenos
Elyvilon
Fedhas
Gozag
Hepliaklqana
Kikubaaqudgha
Makhleb
Nemelex Xobeh
Okawaru
Qazlal
Ru
Sif Muna
Trog
Uskayaw
Vehumet
Wu Jian
Xom
Yredelemnul
Zin
The Shining One
Jiyva

Shops:
D:3 *   D:4 (

Annotations:
D:3 Ijyb
D:5 1 runed translucent door, Lobster4's ghost, novice HuCj
D:6 exclusion: ice beast


Innate Abilities, Weirdness & Mutations

You can breathe blasts of noxious fumes.
Your lurid green scales are hard. (AC +7)
You cannot fit into any form of body armour.
Your system is resistant to poisons. (rPois)
You are cold-blooded and may be slowed by cold attacks.


Message History

Vehumet accepts your kill.
You feel your power returning.
The dire elephant simulacrum tramples you!
You hold your ground!
The dire elephant simulacrum trunk-slaps you.
The dire elephant simulacrum freezes you!
You feel yourself slow down.
* * * LOW HITPOINT WARNING * * *
Unknown command.
Unknown command.
Unknown command.
Unknown command.
Unknown command.
Unknown command.
Unknown command.
Unknown command.
Unknown command.
Unknown command.
Unknown command.
Unknown command.
Unknown command.
Unknown command.
Unknown command.
Unknown command.
Unknown command.
Unknown command.
Unknown command.
Unknown command.
The dire elephant simulacrum attacks as you move away!
The dire elephant simulacrum completely misses you.
The dire elephant simulacrum closely misses you.
You feel better.
You feel yourself speed up.
An ice devil comes into view.
The dire elephant simulacrum is engulfed in blazing flames.
The dire elephant simulacrum tramples you but does no damage.
The dire elephant simulacrum trunk-slaps you.
* * * LOW HITPOINT WARNING * * *
The dire elephant simulacrum freezes you!!!
You die...

###### ##....###
#.......###
##..###...## ####
##..###...##
..°##
##..###...###..4.
#...###...#°.# ##
##..# ##....##
.### ###...#
##@Z..#
...###....##
###..#
.........## ...#
......#### ...##
.....## ..###
....## .## .#.##
.# #### ## ##


You could see an ice devil and a dire elephant simulacrum.

Vanquished Creatures
  2 boulder beetles
  A two-headed ogre (D:10)
  Urug (Lair:1)
  A manticore (D:9)
  Joseph (D:7)
  A freezing wraith (IceCv)
  An anaconda simulacrum (IceCv)
  A hornet (D:9)
  A slime creature (D:10)
  16 yaks
  A vampire (D:10)
  A dire elephant simulacrum (IceCv)
  3 wyverns
  6 vampire mosquitoes
  A steam dragon (D:9)
  A death yak simulacrum (IceCv)
  2 water moccasins
  10 orc warriors
  3 ice beasts
  2 sky beasts
  A black bear (D:5)
  An ogre (D:5)
  6 centaurs
  A kobold brigand (D:6)
  4 bullfrogs
  A necrophage (D:8)
  2 cane toad simulacra (IceCv)
  5 scorpions
  5 killer bees (D:9)
  An elephant simulacrum (IceCv)
  3 howler monkeys (D:7)
  3 hounds
  6 jellies
  8 orc priests
  4 iguanas
  6 orc wizards
  3 polar bear simulacra (IceCv)
  A wolf simulacrum (IceCv)
  A mummy (D:5)
  6 gnolls
  3 adders
  3 naga simulacra (IceCv)
  A river rat (D:11)
  3 shadow imps
  4 white imps
  3 ufetubi
  4 worms
  29 orcs
  8 ball pythons
  2 endoplasms
  2 giant cockroaches
  7 goblins
  8 hobgoblins
  7 jackals (D:3)
  10 kobolds
  A quokka (D:3)
  5 bats
  2 frilled lizards (D:3)
  4 rats
230 creatures vanquished.

Vanquished Creatures (others)
  A butterfly (D:5)
  A plant (D:3)
2 creatures vanquished.

Grand Total: 232 creatures vanquished

Notes
Turn   | Place    | Note
-------+----------+-------------------------------------------
     0 | D:1      | freelancePsychic the Draconian Air Elementalist began the
                  | quest for the Orb.
     0 | D:1      | Reached XP level 1. HP: 14/14 MP: 3/3
   561 | D:1      | Reached XP level 2. HP: 17/20 MP: 1/5
   787 | D:2      | Learned a level 2 spell: Static Discharge
  1214 | D:2      | Reached XP level 3. HP: 26/26 MP: 4/6
  1846 | D:2      | Learned a level 3 spell: Mephitic Cloud
  2072 | D:3      | Noticed Ijyb
  2315 | D:3      | Reached XP level 4. HP: 30/33 MP: 2/7
  2462 | D:3      | Found Yqisous's Assorted Antiques.
  2470 | D:3      | Bought a scroll labelled QIASAO QIHET for 21 gold pieces
  2470 | D:3      | Bought a scroll labelled TOEGUXK IMAX for 21 gold pieces
  2470 | D:3      | Bought a scroll labelled LUTWUAS WASOOMM for 21 gold pieces
  2470 | D:3      | Bought a scroll labelled QIASAO QIHET for 21 gold pieces
  2574 | D:3      | Bought a notched garnet ring for 105 gold pieces
  3137 | D:2      | Reached skill level 4 in Air Magic
  3386 | D:4      | Found Fymos's Weapon Shoppe.
  3420 | D:4      | Reached XP level 5. HP: 23/38 MP: 2/9
  3665 | D:4      | Got the Guide on Confrontation and Changes
  3950 | D:4      | Found a glowing golden altar of the Shining One.
  4031 | D:4      | Reached skill level 1 in Fighting
  4031 | D:4      | Reached skill level 1 in Poison Magic
  4152 | D:5      | Entered Level 5 of the Dungeon
  4152 | D:5      | Noticed a black bear
  4157 | D:5      | Killed a black bear
  4158 | D:5      | Reached skill level 5 in Air Magic
  4158 | D:5      | Reached XP level 6. HP: 42/48 MP: 7/10
  4286 | D:5      | Found a staircase to the Ecumenical Temple.
  4308 | Temple   | Entered the Ecumenical Temple
  4412 | Temple   | Became a worshipper of Vehumet
  4571 | D:5      | Your scales start taking on a lurid green colour.
  4571 | D:5      | Reached XP level 7. HP: 48/57 MP: 11/11
  4571 | D:5      | Gained mutation: Your system is resistant to poisons.
                  | (rPois) [Green Draconian growth]
  4763 | D:5      | Found a broken altar of Ashenzari.
  4803 | D:5      | Found a snail-covered altar of Cheibriados.
  5034 | D:5      | Found a white marble altar of Elyvilon.
  5231 | D:5      | Found a runed translucent door.
  5236 | D:5      | Noticed Lobster4's ghost (novice HuCj)
  5311 | D:5      | Found a blossoming altar of Fedhas.
  5312 | D:5      | Found a burning altar of Makhleb.
  5673 | D:6      | Reached skill level 6 in Air Magic
  5955 | D:6      | Reached XP level 8. HP: 65/67 MP: 9/12
  6478 | D:6      | Found an ancient bone altar of Kikubaaqudgha.
  6486 | D:6      | Reached skill level 5 in Fighting
  6486 | D:6      | Reached * piety under Vehumet
  6486 | D:6      | Offered knowledge of Foxfire by Vehumet.
  6848 | D:7      | Reached skill level 7 in Air Magic
  6922 | D:7      | Identified the +4 trident of Vanity {spect, rElec rCorr}
  7152 | D:7      | Found a shimmering blue altar of Sif Muna.
  7185 | D:7      | Reached XP level 9. HP: 77/78 MP: 13/13
  7315 | D:7      | Found a hazy altar of Hepliaklqana.
  7424 | D:7      | Noticed Joseph
  7437 | D:7      | Killed Joseph
  7438 | D:7      | Reached skill level 5 in Dodging
  7438 | D:7      | Reached skill level 8 in Air Magic
  7607 | D:7      | Found a sparkling altar of Nemelex Xobeh.
  8294 | D:8      | Found an iron altar of Okawaru.
  8698 | D:8      | Found the +7 staff of the Meek {protect, meekguard}
  9090 | D:8      | Reached XP level 10. HP: 88/88 MP: 14/14
  9090 | D:8      | Reached ** piety under Vehumet
  9090 | D:8      | Offered knowledge of Freeze by Vehumet.
  9217 | D:9      | Reached skill level 5 in Conjurations
  9280 | D:9      | Reached skill level 9 in Air Magic
  9561 | D:9      | Noticed a manticore
  9568 | D:9      | Killed a manticore
  9936 | D:9      | Found a bloodstained altar of Trog.
 10269 | D:10     | Entered Level 10 of the Dungeon
 10318 | D:10     | Found a sacrificial altar of Ru.
 10329 | D:10     | Reached skill level 1 in Summonings
 10338 | D:10     | Reached skill level 10 in Air Magic
 10343 | D:10     | Reached XP level 11. HP: 68/99 MP: 15/15
 10515 | D:10     | Noticed a two-headed ogre
 10532 | D:10     | Killed a two-headed ogre
 10532 | D:10     | Offered knowledge of Ignite Poison by Vehumet.
 10604 | D:10     | Reached skill level 10 in Fighting
 10608 | D:10     | Learned a level 3 spell: Ignite Poison
 10877 | D:10     | Found a basalt altar of Yredelemnul.
 11084 | D:10     | Found a viscous altar of Jiyva.
 11141 | D:11     | Noticed a boulder beetle
 11176 | D:11     | Noticed a death yak
 11185 | D:11     | Noticed a death yak
 11187 | D:11     | Killed a boulder beetle
 11376 | D:11     | Noticed a death yak
 11627 | D:11     | Found a staircase to the Lair.
 11642 | Lair:1   | Entered Level 1 of the Lair of Beasts
 11657 | Lair:1   | Learned a level 4 spell: Airstrike
 11661 | Lair:1   | Noticed a boulder beetle
 11686 | Lair:1   | Killed a boulder beetle
 11693 | Lair:1   | Noticed Urug
 11715 | Lair:1   | Killed Urug
 11891 | Lair:1   | Found a frozen archway.
 11895 | IceCv    | Entered an ice cave
 11900 | IceCv    | Reached *** piety under Vehumet
 12083 | IceCv    | Reached skill level 11 in Air Magic
 12210 | IceCv    | Demolished by a dire elephant simulacrum

Illustrated notes

Levels and vault maps discovered:
D:1:      matt_arrival_refuge, layout_loops_cross, hangedman_decor_slide_cut
D:2:      layout_basic, kennysheep_generic_room_5
D:3:      layout_basic, serial_shops, nicolae_shop_overgrown_old_shop,
          st_stairs_11, uniq_ijyb
D:4:      layout_cave_pools, general_overflow_altar, serial_shops, shop,
          minmay_misc_feat_square
D:5:      layout_basic, slow_altar_1, evilmike_ruin_ashenzari,
          nicolae_elyvilon_peaceful_grove, gammafunk_temple_overflow_pools,
          minmay_temple_entry_mini_moons, ebering_ghost_reflecting_pool,
          minmay_misc_feat_more_columns
D:6:      layout_loops_ring, kiku_gazebo_pond_becter
D:7:      layout_basic, nemelex_altar_shiori, tgw_sif,
          mainiacjoe_overflow_concentric_impassable, uniq_joseph
D:8:      layout_basic, mainiacjoe_overflow_alcove_4, pf_guarded_unrand_meek
D:9:      layout_cave_pods, mainiacjoe_overflow_alcove_1
D:10:     layout_roguey, amcnicky_altar_gilded, old_standard_altar,
          jiyva_altar_1
D:11:     layout_loops_ring, dpeg_lair_monsters, erik_orc_2
Temple:   hellmonk_temple_beads
Lair:1:   minmay_lair_oklob_tunnel, layout_chaotic_city,
          portal_ice_cave_entry_pillars_2, uniq_amaemon, uniq_sonja, uniq_urug
IceCv:    ice_cave_small_necro

Skill      XL: |  1  2  3  4  5  6  7  8  9 10 11 |
---------------+----------------------------------+-----
Stealth        | 2 3 |  3.0
Air Magic      | 4 5 6 7 8 10 11 | 11.0
Spellcasting   | 3 4 |  4.1
Fighting       | 2 3 4 6 7 9 10 | 10.9
Poison Magic   | 1 3 4 |  4.2
Conjurations   | 2 4 6 |  6.5
Dodging        | 2 4 5 6 |  6.4
Summonings     | 2 4 |  4.0

Action                     |  1- 3 |  4- 6 |  7- 9 | 10-12 || total
---------------------------+-------+-------+-------+-------++-------
  Melee: Dagger            |    31 |    51 |       |       ||    82
         Tailslap          |     3 |    14 |    27 |    33 ||    77
         Punch             |     1 |     2 |     1 |       ||     4
         Whip              |       |    80 |   116 |       ||   196
         Trident           |       |       |    71 |   151 ||   222
   Cast: Shock             |    52 |    15 |     1 |       ||    68
         Static Discharge  |     8 |    21 |    28 |       ||    57
         Mephitic Cloud    |       |       |    21 |    35 ||    56
         Ignite Poison     |       |       |       |    19 ||    19
         Airstrike         |       |       |       |     5 ||     5
Ability: Breathe Noxious F |       |       |    13 |    12 ||    25
  Evoke: Wand              |       |       |     2 |     4 ||     6
    Use: Potion            |     1 |     1 |     1 |     5 ||     8
         Scroll            |       |     5 |     5 |    11 ||    21
   Stab: Sleeping          |     1 |     3 |     2 |       ||     6
         Confused          |       |       |    10 |    11 ||    21
         Distracted        |       |       |     1 |     2 ||     3
 Armour: Skin              |     4 |    58 |    53 |    31 ||   146
  Dodge: Dodged            |    19 |   107 |   121 |   134 ||   381

Table legend: (Time is in decaauts)
 A = Elapsed time spent in this place.
 B = Non-inter-level travel time spent in this place.
 C = Inter-level travel time spent in this place.
 D = Time resting spent in this place.
 E = Time spent auto-exploring this place.
 F = Levels seen in this place.
 G = Mean time per level.
                   A        B        C        D        E       F      G
               +--------+--------+--------+--------+--------+-----+--------+
         Total |  12300 |  11963 |    337 |    800 |   9278 |  14 |  878.6 |
       Dungeon |  11604 |  11279 |    325 |    673 |   8947 |  11 | 1054.9 |
        Temple |    117 |    105 |     12 |      0 |     93 |   1 |  117.0 |
          Lair |    258 |    258 |      0 |    127 |      6 |   1 |  258.0 |
      Ice Cave |    320 |    320 |      0 |      0 |    232 |   1 |  320.0 |
               +--------+--------+--------+--------+--------+-----+--------+

Top non-repeatable levels by time:
     D:9: 1338 daAuts
     D:2: 1312 daAuts
     D:6: 1298 daAuts
     D:5: 1270 daAuts
     D:3: 1255 daAuts
     D:8: 1181 daAuts
     D:7: 1168 daAuts
    D:10: 1085 daAuts
     D:4: 804 daAuts
     D:1: 782 daAuts
   IceCv: 320 daAuts
  Lair:1: 258 daAuts
  Temple: 117 daAuts
    D:11: 106 daAuts
